AoeStats
← theoKn

Baltic

510404355Analyzed
3v3 RM · 2d ago on Sep 30, 2026· 32m 28s· 6 players
Game mode
Random Map
Map size
Normal (6 player)
Population
200
Speed
Normal
Resources
Standard
Victory
Conquest
Starting age
Dark Age
Ending age
Imperial Age
RankedLock teamsTeams togetherTeam positionsShared explorationLock speedFull tech treeHidden civsTurbo modeCheats
Victory
Defeat
🇹🇷 Turks · Türkiye
940
+13
🇦🇷 Italians · Argentina
913
+14
🇺🇸 Celts · United States
895
+15
🇬🇧 Persians · United Kingdom
910
-15
🇬🇧 Franks · United Kingdom
885
-14
🇨🇦 Byzantines · Canada
838
-13
wolverine
13:10 Feudal Age
17:27 Castle Age
theoKn
0:28 Loom
12:49 Feudal Age
14:54 Wheelbarrow
27:11 Castle Age
26:09 Double-Bit Axe
28:10 Hand Cart
33:01 Scale Barding Armor
crepysa
10:38 Feudal Age
10:28 Loom
11:11 Double-Bit Axe
11:54 Town Watch
16:59 Castle Age
15:50 Fletching
15:46 Fishing Lines
16:20 Gold Mining
16:29 Stone Mining
16:53 Forging
18:06 Wheelbarrow
18:08 Gillnets
18:48 Bodkin Arrow
20:11 Stone Shaft Mining
20:18 Medium Warships
21:53 Ballistics
22:24 Murder Holes
29:01 Padded Archer Armor
33:07 Imperial Age
31:48 Guard Tower
32:11 Masonry
31:42 Treadmill Crane
33:00 Scale Mail Armor
33:37 Iron Casting
ᅚᅚ
2:58 Loom
15:29 Feudal Age
25:31 Castle Age
23:26 Double-Bit Axe
25:35 Scale Barding Armor
25:42 Forging
27:49 Husbandry
28:21 Chain Barding Armor
28:39 Iron Casting
hoaxkey
8:04 Loom
14:32 Feudal Age
21:54 Castle Age
20:12 Double-Bit Axe
Kock Legend
10:32 Loom
12:18 Feudal Age
14:03 Double-Bit Axe
14:10 Gold Mining
18:43 Castle Age
18:32 Wheelbarrow
19:25 Crossbowman
20:19 Bow Saw
20:37 Medium Warships
21:37 Hand Cart
25:31 Stone Mining
Connection lost

Rejoining the realm…

Still unreachable

The connection could not be restored.

Session expired

The server has moved on; the page needs a fresh start.